 Dungeon Crawl Stone Soup version 0.21.1-1-g345015fe64 (webtiles) character file.

641 Lavandula the Chopper (level 7, -3/57 HPs)
             Began as a Centaur Berserker on June 15, 2018.
             Was a Believer of Trog.
             Slain by a killer bee (6 damage)
             ... on level 7 of the Dungeon.
             The game lasted 00:04:14 (587 turns).

Lavandula the Chopper (Centaur Berserker)            Turns: 587, Time: 00:04:15

Health: -3/57      AC:  5    Str: 22    XL:     7   Next: 26%
Magic:  7/7        EV:  9    Int:  6    God:    Trog [**....]
Gold:   1          SH:  0    Dex:  8    Spells: 6/6 levels left

rFire    + . .     SeeInvis .   a - +0 hand axe
rCold    + . .     Gourm    .   (no shield)
rNeg     . . .     Faith    .   j - +0 troll leather armour {Purgy}
rPois    +         Spirit   .   (no helmet)
rElec    +         Reflect  .   (no cloak)
rCorr    +         Harm     .   (no gloves)
MR       ++...                  (no barding)
Stlth    ..........             (no amulet)
HPRegen  1.59/turn              (no ring)
MPRegen  0.10/turn              (no ring)

@: lethally poisoned (-3 -> -3), resistant, berserk cooldown, regenerating,
slowed
A: large, hooves 3, deformed body, speed 2, tough skin 3
a: Berserk, Trog's Hand, Burn Spellbooks, Renounce Religion


You were on level 7 of the Dungeon.
You worshipped Trog.
Trog was pleased with you.
You were very hungry.

You visited 1 branch of the dungeon, and saw 7 of its levels.

You collected 1 gold pieces.

Inventory:

Hand Weapons
 a - a +0 hand axe (weapon)
Missiles
 b - 8 arrows
Armour
 d - a +0 ring mail
 j - a +0 troll leather armour (worn) {Purgy}
Scrolls
 e - 2 scrolls of remove curse
 f - a scroll of immolation {unknown}
 g - a scroll of magic mapping {unknown}
 i - a scroll of enchant armour {unknown}
 k - a scroll of fog {unknown}
Comestibles
 c - a ration


   Skills:
 - Level 3.2 Fighting
 + Level 7.6 Axes
 - Level 1.4 Armour
 - Level 1.4 Dodging


You had 6 spell levels left.
You didn't know any spells.

Dungeon Overview and Level Annotations

Branches:
Dungeon (8/15)
 Temple: D:4-7         Lair: D:8-11

Altars:

Shops:
D:6 (

Annotations:
D:4 Ijyb


Innate Abilities, Weirdness & Mutations

You have hooves in place of feet.
Armour fits poorly on your strangely shaped body.
You cover ground very quickly.
You have extremely tough skin. (AC +3)


Message History

The ogre hits you with a giant spiked club!
* * * LOW HITPOINT WARNING * * *
The killer bee closely misses you.
Unknown command.
The killer bee stings you!
* * * LOW HITPOINT WARNING * * *
You feel a strong urge to attack something.
You feel sick.
You feel sick.
You feel your anger nearly subside.
You are no longer berserk.
You are exhausted.
You feel yourself slow down.
Unknown command.
Okay, then.
It was a potion of resistance.
You feel protected.
You feel sick. The killer bee closely misses you. The killer bee stings you!
* * * LOW HITPOINT WARNING * * *
The killer bee stings you.
You die...

.. #...#.###.# ...
#.........# ....
#..##.#####
.....###..##........
....s.†#..#########.
#....# ##... ##.O.#
... # #.y.##.#..#.#
#..yy@......#
#.#.##.###### #...#
... ##..# #### #..#
##.# #.# ♣♣ #. .


You could see an ogre, 3 killer bees and a giant cockroach.

Vanquished Creatures
  A hippogriff (D:7)
  Purgy (D:4)
  A sky beast (D:8)
  A phantom (D:7)
  2 killer bees (D:7)
  A hound (D:7)
  A centaur skeleton (D:7)
  A worker ant (D:4)
  A leopard gecko (D:1)
  A goblin (D:1)
  5 hobgoblins (D:1)
  2 kobolds (D:1)
  A ball python (D:1)
  A bat (D:1)
  A jackal zombie (D:7)
  3 rats (D:1)
24 creatures vanquished.

Notes
Turn   | Place    | Note
-------+----------+-------------------------------------------
     0 | D:1      | Lavandula the Centaur Berserker began the quest for the Orb.
     0 | D:1      | Reached XP level 1. HP: 19/19 MP: 1/1
    48 | D:1      | Reached skill level 3 in Axes
    48 | D:1      | Reached XP level 2. HP: 26/26 MP: 2/2
   264 | D:4      | Noticed Purgy
   267 | D:4      | Reached XP level 3. HP: 31/31 MP: 3/3
   275 | D:4      | Killed Purgy
   275 | D:4      | Reached skill level 5 in Axes
   275 | D:4      | Reached XP level 4. HP: 24/38 MP: 4/4
   278 | D:4      | Noticed Ijyb
   296 | D:4      | You fall through a shaft for 2 floors!
   318 | D:6      | Found Faec Ceu's Weapon Boutique.
   321 | D:6      | Noticed an ogre
   327 | D:6      | You fall through a shaft for 2 floors!
   329 | D:8      | Noticed a sky beast
   341 | D:8      | Killed a sky beast
   341 | D:8      | Reached XP level 5. HP: 45/45 MP: 5/5
   395 | D:8      | Noticed a two-headed ogre
   418 | D:7      | Noticed a hippogriff
   427 | D:7      | Killed a hippogriff
   427 | D:7      | Reached skill level 6 in Axes
   427 | D:7      | Reached XP level 6. HP: 49/51 MP: 6/6
   479 | D:7      | Reached ** piety under Trog
   479 | D:7      | Reached skill level 7 in Axes
   479 | D:7      | Reached XP level 7. HP: 24/57 MP: 7/7
   587 | D:7      | Slain by a killer bee

Skill      XL: |  1  2  3  4  5  6 |
---------------+-------------------+-----
Axes           | 3 5 6 7 |  7.6
Fighting       | |  3.2
Armour         | |  1.4
Dodging        | |  1.4

Action                   |  1- 3 |  4- 6 |  7- 9 || total
-------------------------+-------+-------+-------++-------
Melee: Hand axe          |    30 |    39 |    13 ||    82
       Kick              |     7 |     6 |     4 ||    17
Invok: Berserk           |     3 |     3 |     1 ||     7
       Trog's Hand       |       |       |     1 ||     1
  Use: Scroll            |       |       |     1 ||     1
       Potion            |       |       |     1 ||     1
  Eat: Ration            |       |     1 |       ||     1
       Chunk             |       |       |     1 ||     1
Armor: Animal skin       |    10 |       |       ||    10
       Troll leather arm |       |    17 |     7 ||    24
Dodge: Dodged            |    23 |    12 |    12 ||    47
